 Dungeon Crawl Stone Soup version 0.27.0-65-ge2af304b15 (webtiles) character file.

Game seed: 9326797071674803941

298 Amplified the Magician (level 6, -10/35 HPs)
             Began as a Deep Elf Air Elementalist on Aug 19, 2021.
             Was a Believer of Jiyva.
             Mangled by Duvessa (17 damage)
             ... on level 5 of the Dungeon.
             The game lasted 00:07:41 (5705 turns).

Amplified the Magician (Deep Elf Air Elementalist)  Turns: 5705, Time: 00:07:42

Health: -10/35     AC:  4    Str: 13    XL:     6   Next: 13%
Magic:  8/14       EV: 13    Int: 22    God:    Jiyva [**....]
Gold:   96         SH:  0    Dex: 13    Spells: 7/14 levels left

rFire    . . .     SeeInvis .   c - +1 dagger
rCold    . . .     Faith    .   (no shield)
rNeg     . . .     Spirit   .   a - +0 robe
rPois    .         Reflect  .   d - +0 helmet
rElec    .         Harm     .   (no cloak)
rCorr    +         Rampage  .   (no gloves)
Will     .....                  f - +0 pair of boots
Stlth    ++........             (no amulet)
HPRegen  0.11/turn              i - ring of resist corrosion
MPRegen  0.14/turn              n - +6 ring of strength

@: no status effects
A: no striking features
a: Renounce Religion, Request Jelly


You were on level 5 of the Dungeon.
You worshipped Jiyva.
Jiyva was pleased with you.
You visited 2 branches of the dungeon, and saw 6 of its levels.

You collected 96 gold pieces.

Inventory:

Hand Weapons
 c - a +1 dagger (weapon)
Missiles
 j - 22 poisoned darts
Armour
 a - a +0 robe (worn)
 d - a +0 helmet (worn)
 f - a +0 pair of boots (worn)
Jewellery
 i - a ring of resist corrosion (left hand)
 n - a +6 ring of strength (right hand)
Wands
 m - a wand of flame (11)
Potions
 b - 2 potions of attraction


   Skills:
 * Level 1.7 Fighting
 * Level 3.8 Dodging
 * Level 4.1 Stealth
 * Level 4.6 Spellcasting
 * Level 2.3 Conjurations
 * Level 4.0 Air Magic


You had 7 spell levels left.
You knew the following spells:

 Your Spells              Type           Power      Damage    Failure   Level
a - Shock                 Conj/Air       76%        1d7       2%          1
b - Static Discharge      Conj/Air       19%        N/A       4%          2
c - Airstrike             Air            11%        N/A       21%         4

Your spell library contained the following spells:

 Spells                   Type           Power      Damage    Failure   Level
 Swiftness                Air            22%        N/A       6%          3
 Pain                     Necr           20%        1d5       11%         1
 Stone Arrow              Conj/Erth      20%        3d8       19%         3
 Animate Armour           Summ/Erth      10%        N/A       71%         4
 Agony                    Necr           5%         N/A       96%         5
 Excruciating Wounds      Necr           2%         N/A       96%         5
 Lehudib's Crystal Spear  Conj/Erth      5%         10d3      100%        8


Dungeon Overview and Level Annotations

Branches:
Dungeon (5/15)             Temple (1/1) D:4

Altars:
Cheibriados
Nemelex Xobeh
Okawaru
Sif Muna
Jiyva

Annotations:
D:5 1 transporter, not yet., Duvessa


Message History

Found a stone staircase leading up.
Duvessa, Sister of Dowan comes into view.
She is wielding a +2 rapier of freezing.
Duvessa is nearby!
Duvessa goes berserk!
Duvessa rages.
Okay, then.
Okay, then.
You aren't carrying any scrolls.
Unknown command.
Okay, then.
You aren't carrying any scrolls.
Unknown command.
Unknown command.
Duvessa hits you with a +2 rapier of freezing!
Duvessa freezes you.
Duvessa hits you with a +2 rapier of freezing!
Duvessa freezes you.
* * * LOW HITPOINT WARNING * * *
Unknown command.
Unknown command.
Unknown command.
Unknown command.
You aren't carrying any scrolls.
Unknown command.
Okay, then.
You aren't carrying any scrolls.
Unknown command.
Okay, then.
Okay, then.
Unknown command.
You aren't carrying any scrolls.
Unknown command.
Okay, then.
Casting: Static Discharge (safe; 4% risk of failure)
Confirm with . or Enter, or press ? or * to list all spells.
Duvessa is struck by an arc of lightning!
Duvessa is moderately wounded.
The lightning grounds out.
Duvessa hits you with a +2 rapier of freezing!
You die...

#.# #.# #..## #.# #.#
#..# #.# ### ##'##
#.# ▓▓▓▓▓▓▓...▓ #.#
▓⌠...⌠▓...▓
#.########▓.".$.▓...▓
#...JJ...#▓..8..▓...▓
#........#▓..(!.▓._.▓
####@.####▓⌠.©.⌠▓§©§▓
#e.# ▓▓▓▓▓▓▓###▓ #..#
#..# #..# #..# #..#
##.. ##


You could see Duvessa (berserk) and 2 neutral jellies (fellow slime).

Vanquished Creatures
  A howler monkey (D:3)
  Crazy Yiuf (D:3)
  2 hounds
  An iguana (D:4)
  A scorpion zombie (D:5)
  A hound zombie (D:5)
  A howler monkey skeleton (D:3)
  3 adders
  A white imp (D:4)
  A worm (D:2)
  2 dart slugs
  10 orcs
  A bat (D:2)
  An endoplasm (D:1)
  2 giant cockroaches (D:2)
  3 goblins
  4 hobgoblins
  5 kobolds
  2 quokkas
  6 ball pythons
  2 frilled lizards (D:1)
  3 rats
54 creatures vanquished.

Vanquished Creatures (others)
  A necrophage (D:4)
  Dowan (D:5)
  A bullfrog zombie (D:5)
  5 jellies
  An orc priest (D:4)
  A hound (D:5)
  5 gnolls
  2 adders
  An ufetubus (D:4)
  2 dart slugs
  3 orcs
  4 ball pythons
  2 bats (D:3)
  7 endoplasms (D:2)
  3 giant cockroaches
  2 goblins
  A hobgoblin (D:4)
  7 jackals (D:2)
  2 kobolds
  A quokka (D:5)
  A frilled lizard (D:2)
  3 rats (D:3)
  7 fungi (D:1)
  4 plants (D:1)
67 creatures vanquished.

Grand Total: 121 creatures vanquished

Notes
Turn   | Place    | Note
-------+----------+-------------------------------------------
     0 | D:1      | Amplified the Deep Elf Air Elementalist began the quest for
                  | the Orb.
     0 | D:1      | Reached XP level 1. HP: 10/10 MP: 6/6
   290 | D:1      | Reached XP level 2. HP: 16/16 MP: 6/8
   322 | D:1      | Learned a level 2 spell: Static Discharge
   389 | D:1      | Found a faded altar of an unknown god.
   539 | D:1      | Became a worshipper of Jiyva Jiselydd the Shapeless
   539 | D:1      | Reached * piety under Jiyva
  1286 | D:2      | Reached XP level 3. HP: 20/20 MP: 9/9
  1731 | D:2      | Reached skill level 1 in Fighting
  2552 | D:3      | Found a shimmering blue altar of Sif Muna.
  2564 | D:3      | Found an iron altar of Okawaru.
  2574 | D:3      | Found a snail-covered altar of Cheibriados.
  2735 | D:3      | Reached XP level 4. HP: 9/25 MP: 4/11
  3255 | D:3      | Found a runed translucent door.
  3256 | D:3      | Noticed Crazy Yiuf
  3289 | D:3      | Paralysed by Crazy Yiuf for 6 turns
  3296 | D:3      | Killed Crazy Yiuf
  3298 | D:3      | Reached ** piety under Jiyva
  3951 | D:4      | Reached XP level 5. HP: 29/29 MP: 13/13
  4063 | D:4      | Found a staircase to the Ecumenical Temple.
  4171 | D:4      | Learned a level 4 spell: Airstrike
  4217 | D:4      | Killed a necrophage
  4708 | D:4      | HP: 1/29 [gnoll (8)]
  4761 | Temple   | Entered the Ecumenical Temple
  5166 | D:5      | Entered Level 5 of the Dungeon
  5399 | D:5      | Found a sparkling altar of Nemelex Xobeh.
  5399 | D:5      | Found a transporter.
  5399 | D:5      | Noticed a yak
  5455 | D:5      | Reached XP level 6. HP: 34/35 MP: 11/14
  5582 | D:5      | Killed Dowan
  5699 | D:5      | Noticed Duvessa
  5705 | D:5      | Mangled by Duvessa

Illustrated notes

Levels and vault maps discovered:
D:1:      nicolae_arrival_memento_mori, layout_rooms,
          shapermc_ecumenical_altar_mp_urbaneastern
D:2:      minmay_alternating_diamond, layout_basic
D:3:      kennysheep_six_static_rooms, layout_basic,
          mainiacjoe_overflow_large_starburst, cheibriados_altar_2,
          minmay_misc_feat_x, uniq_crazy_yiuf_cottage
D:4:      layout_loops_corners, minmay_temple_entry_mist,
          grunt_decor_one_mirror, roderic_serpentine_path
D:5:      layout_loops_ring, grunt_nemelex_the_gamble, minmay_misc_feat_columns,
          eino_tiny_chamber, uniq_duvessa
Temple:   minmay_temple_forest_path

Skill      XL: |  1  2  3  4  5 |
---------------+----------------+-----
Stealth        | 3 4 |  4.1
Dodging        | 3 |  3.8
Fighting       | 1 |  1.7
Spellcasting   | 4 |  4.6
Conjurations   | 2 |  2.3
Air Magic      | 4 |  4.0

Action                   |  1- 3 |  4- 6 || total
-------------------------+-------+-------++-------
Melee: Dagger            |    29 |    42 ||    71
 Cast: Shock             |    15 |       ||    15
       Static Discharge  |    30 |    33 ||    63
       Airstrike         |       |     1 ||     1
Invok: Request Jelly     |       |     3 ||     3
  Use: Scroll            |     5 |     2 ||     7
       Potion            |       |     3 ||     3
 Stab: Sleeping          |     3 |     4 ||     7
Armor: Robe              |    10 |    10 ||    20
       Skin              |       |     4 ||     4
Dodge: Dodged            |    28 |    45 ||    73
